 Dungeon Crawl Stone Soup version 0.18.1-5-g4a78601 (webtiles) character file.

361 epen the Ducker (level 6, -1/47 HPs)
             Began as a Demonspawn Gladiator on May 14, 2016.
             Slain by Menkaure (15 damage)
             ... on level 3 of the Dungeon.
             The game lasted 00:08:04 (4933 turns).

epen the Ducker (Demonspawn Gladiator)              Turns: 4933, Time: 00:08:05

Health: -1/47      AC: 13    Str: 17    XL:     6   Next: 38%
Magic:  6/6        EV: 18    Int: 10    God:
Gold:   190        SH:  0    Dex: 17    Spells: 0 memorised, 5 levels left

rFire  + + .     SeeInvis .       - Unarmed
rCold  + . .     Gourm    .     u - +2 ring mail {rF+}
rNeg   . . .     Faith    .     (no shield)
rPois  +         Spirit   .     b - +0 helmet
rElec  +         Dismiss  .     (no cloak)
rCorr  +         Reflect  .     f - +0 pair of gloves
SustAt .         Harm     .     (no boots)
MR     +....                    (no amulet)
Stlth  ++........               (no ring)
                                n - ring of protection from magic

@: agile, resistant, somewhat resistant to hostile enchantments, unstealthy
A: talons 1, rough black scales 1, foul stench 1, rot immunity
a: no special abilities


You were on level 3 of the Dungeon.
You were not hungry.

You visited 1 branch of the dungeon, and saw 4 of its levels.
You also visited: Sewer.

You collected 190 gold pieces.

Inventory:

Hand Weapons
 r - a +0 dagger of venom
Missiles
 c - 3 throwing nets (quivered)
Armour
 a - a +0 leather armour
 b - a +0 helmet (worn)
 f - a +0 pair of gloves (worn)
 m - a +0 ring mail
 u - a +2 ring mail of fire resistance (worn)
Jewellery
 n - a ring of protection from magic (left hand)
Wands
 s - a wand of digging (24/24)
Scrolls
 o - a scroll of magic mapping
Potions
 h - 5 potions of curing
 i - 3 potions of heal wounds
 p - a potion of degeneration {unknown}
 t - 2 potions of mutation
 w - 4 potions of flight
 x - a potion of magic
Comestibles
 d - 3 bread rations
 j - 4 fruits
 A - a slice of pizza


   Skills:
 + Level 3.1 Fighting
 - Level 1.7 Throwing
 + Level 2.0 Armour
 * Level 4.4 Dodging
 * Level 4.4 Unarmed Combat


You had 5 spell levels left.
You didn't know any spells.

Dungeon Overview and Level Annotations

Branches:
Dungeon (4/15)
 Temple: D:4-7

Altars:

Annotations:
D:3 Menkaure


Innate Abilities, Weirdness & Mutations

You have sharp toenails.
You are partially covered in rough black scales (AC +4, Dex -1).
You may emit foul miasma when damaged in melee.
You are immune to rotting.


Message History

Drink which item? (? for menu, Esc to quit)
You feel protected. Menkaure hits you.
Unknown command.
Drink which item? (? for menu, Esc to quit)
You feel agile all of a sudden. Menkaure misses you.
Unknown command.
You hit Menkaure. You claw Menkaure, but do no damage.
Menkaure is moderately damaged.
Menkaure barely misses you. Menkaure closely misses you.
You hit Menkaure but do no damage. Your kick misses Menkaure.
Menkaure is moderately damaged.
Menkaure points at you and mumbles some strange words.
Pain shoots through your body!
* * * LOW HITPOINT WARNING * * *
You hit Menkaure. You claw Menkaure, but do no damage.
Menkaure is moderately damaged.
Menkaure hits you!
You die...

#.# ####.##.# #.#
# #.# #.##.### #.#
# #.# #......# #.#
# #.# ####.#.# #.#
# #.# #...# #.# #
#.# #####..#
#.####### #.#
##...#..#
#.......# #.#
#.......#
######### #.#
#..@M...# # #.#
#.....#.# # #.#
##...##.# # #.#
##.###.# # #.# #.#
#.# # #.##### #.#
#.# #######
#.....# #.###.#
##.....# #####.#
#.....#####.....##
#.#
####.....†...##.##


You could see Menkaure.

Vanquished Creatures
  The ghost of tyrsky the Digger, an amateur GrEE of Vehumet (Sewer)
  2 worker ants
  A howler monkey skeleton (D:4)
  7 adders
  2 oozes
  6 worms
  3 dart slugs
  5 giant geckos
  An orc (D:3)
  11 bats
  3 giant cockroaches
  8 goblins
  10 hobgoblins
  15 jackals
  3 quokkas
  3 ball pythons
  3 giant newts
  9 kobolds
  11 rats
104 creatures vanquished.

Notes
Turn   | Place    | Note
--------------------------------------------------------------
     0 | D:1      | epen the Demonspawn Gladiator began the quest for the Orb.
     0 | D:1      | Reached XP level 1. HP: 16/16 MP: 1/1
   240 | D:1      | Gained mutation: You are immune to rotting. [demonic ancestry]
   240 | D:1      | Reached XP level 2. HP: 9/22 MP: 2/2
   874 | D:1      | Gained mutation: You are partially covered in rough black scales (AC +4, Dex -1). [demonic ancestry]
   874 | D:1      | Reached XP level 3. HP: 21/28 MP: 3/3
  1703 | D:2      | Gained mutation: You have sharp toenails. [demonic ancestry]
  1703 | D:2      | Reached XP level 4. HP: 27/34 MP: 4/4
  1935 | D:2      | Found a faded altar to an unknown god.
  1968 | D:2      | Reached skill level 1 in Armour
  2926 | D:3      | Reached XP level 5. HP: 30/39 MP: 5/5
  3337 | D:3      | Found a glowing drain.
  3348 | Sewer    | Entered a sewer
  3359 | Sewer    | Noticed tyrsky's ghost (amateur GrEE)
  3384 | Sewer    | Killed tyrsky's ghost
  3384 | Sewer    | Gained mutation: You may emit foul miasma when damaged in melee. [demonic ancestry]
  3384 | Sewer    | Reached XP level 6. HP: 19/47 MP: 6/6
  4433 | D:4      | Noticed Menkaure
  4933 | D:3      | Slain by Menkaure

Skill      XL: |  1  2  3  4  5  6 |
---------------+-------------------+-----
Dodging        | 3 4 |  4.4
Unarmed Combat | 3 4 |  4.4
Armour         | 1 2 |  2.0
Fighting       | 3 |  3.1
Throwing       | |  1.7

Action                   |  1- 3 |  4- 6 || total
-------------------------+-------+-------++-------
Melee: Unarmed           |   181 |   344 ||   525
       Punch             |     3 |    11 ||    14
       Kick              |       |    83 ||    83
Throw: Throwing net      |     2 |       ||     2
  Use: Potion            |       |     4 ||     4
       Scroll            |       |    10 ||    10
  Eat: Chunk             |     3 |     7 ||    10
       Fruit             |       |     2 ||     2
       Meat ration       |       |     1 ||     1
Armor: Leather armour    |    86 |     4 ||    90
       Ring mail         |       |   128 ||   128
Dodge: Dodged            |   130 |   188 ||   318
